 Dungeon Crawl Stone Soup version 0.31-a0-1467-g53b6572822 (webtiles) character file.

Game seed: 3850597173290258813

17090 Dirtsage the Mimic (level 12, -4/126 HPs)
             Began as an Octopode Shapeshifter on Dec 28, 2023.
             Was a Believer of the Shining One.
             Slain by a naga
             ... wielding a +0 war axe
              (16 damage)
             ... on level 2 of the Lair of Beasts.
             The game lasted 00:23:17 (11097 turns).

Dirtsage the Mimic (Octopode Shapeshifter)         Turns: 11097, Time: 00:23:18

Health: -4/126     AC: 34    Str: 14    XL:     12   Next: 44%
Magic:  16/16      EV: -1    Int: 12    God:    the Shining One [**....]
Gold:   659        SH:  0    Dex: 16    Spells: 11/11 levels left

rFire   . .          .
                       - Unarmed
rCold   . . .        (no shield)
rNeg    + + +        (helmet currently unavailable)
rPois   +            (no amulet)
rElec   .            N - ring of positive energy
rCorr   .            a - +4 ring of protection
SInv    .            z - +5 ring of evasion
Will    +....        A - ring of willpower
Stlth   +            C - +4 ring of protection
HPRegen 0.41/turn    E - ring of positive energy
MPRegen 0.15/turn    (no ring)
                     (no ring)

%: no passive effects
@: tree-form, glowing, constricted
A: stationary, stasis, torment immunity, boosted hp, almost no armour,
(amphibious), 8 rings, (camouflage 1), (gelatinous body 1), (nimble swimmer 1),
(tentacles)
a: Renounce Religion, Divine Shield


You were on level 2 of the Lair of Beasts.
You worshipped the Shining One.
The Shining One was pleased with you.
You were a tree.
You visited 3 branches of the dungeon, and saw 13 of its levels.

You collected 725 gold pieces.
You spent 66 gold pieces at shops.

Inventory:

Missiles
 w - 2 throwing nets
 J - 3 curare-tipped darts
Magical Staves
 P - a staff of air
Jewellery
 a - a +4 ring of protection (right branch)
 o - a ring of ice
 z - a +5 ring of evasion (on tentacle)
 A - a ring of willpower (on tentacle)
 C - a +4 ring of protection (on tentacle)
 E - a ring of positive energy (on tentacle)
 I - a ring of fire
 N - a ring of positive energy (left branch)
Talismans
 b - a beast talisman
 c - a flux talisman (active)
 L - a beast talisman
Wands
 B - a wand of flame (25) (quivered)
 F - a wand of roots (18)
 O - a wand of paralysis (1)
Scrolls
 d - 4 scrolls of enchant armour {unknown}
 g - 3 scrolls of immolation {unknown}
 i - 2 scrolls of identify
 k - 6 scrolls of teleportation {unknown}
 l - 2 scrolls of vulnerability {unknown}
 m - a scroll of poison {unknown}
 p - 2 scrolls of acquirement {unknown}
 s - 3 scrolls of noise {unknown}
 t - 3 scrolls of butterflies {unknown}
 x - a scroll of enchant weapon {unknown}
 y - a scroll of brand weapon {unknown}
 H - 2 scrolls of fear {unknown}
 K - a scroll of silence {unknown}
Potions
 e - 2 potions of degeneration {unknown}
 f - 5 potions of attraction
 h - 3 potions of haste
 j - 3 potions of mutation
 n - 3 potions of resistance
 q - a potion of curing
 r - a potion of cancellation {unknown}
 u - 2 potions of invisibility {unknown}
 v - 4 potions of ambrosia
 D - a potion of enlightenment {unknown}
 M - a potion of heal wounds {unknown}


   Skills:
 + Level 8.8 Fighting
 + Level 9.0 Dodging
 + Level 9.1 Unarmed Combat
 + Level 6.0 Invocations
 * Level 11.7 Shapeshifting


You had 11 spell levels left.
You didn't know any spells.
Your spell library contained the following spells:

 Spells                   Type           Power      Damage    Failure   Level
 Sting                    Conj/Alch      0%         1d3       32%         1
 Lesser Beckoning         Tloc           0%         N/A       45%         2
 Mercury Vapours          Alch/Air       0%         N/A       45%         2
 Gell's Gravitas          Tloc           0%         N/A       69%         3
 Inner Flame              Hex/Fire       0%         N/A       69%         3
 Stone Arrow              Conj/Erth      0%         3d7       69%         3
 Teleport Other           Tloc           0%         N/A       69%         3
 Flame Wave               Conj/Fire      0%         2d4       97%         4
 Ignite Poison            Fire/Alch      0%         N/A       97%         4
 Olgreb's Toxic Radiance  Alch           0%         N/A       97%         4
 Sticky Flame             Fire/Alch      0%         2d4       97%         4
 Ignition                 Fire           0%         3d3       100%        8
 Lehudib's Crystal Spear  Conj/Erth      0%         10d2      100%        8
 Animate Armour           Summ/Erth      Unusable   N/A       N/A         4

Dungeon Overview and Level Annotations

Branches:
Dungeon (10/15)            Temple (1/1) D:7            Lair (2/5) D:8
  Snake (0/4) Lair:2          Orc (0/2) D:10
  Swamp: Lair:2-3    Shoals: Lair:2-3

Altars:
Ashenzari
Cheibriados
Dithmenos
Elyvilon
Fedhas
Gozag
Hepliaklqana
Kikubaaqudgha
Makhleb
Nemelex Xobeh
Okawaru
Qazlal
Ru
Sif Muna
Trog
Uskayaw
Vehumet
Wu Jian
Xom
Yredelemnul
Zin
The Shining One

Shops:
D:7 *!

Annotations:
D:2 1 runed translucent door, Crazy Yiuf
D:9 3 runed translucent doors, Arcadio's ghost, journeyman MfSh


Innate Abilities, Weirdness & Mutations

You are a tree.
Your roots penetrate the ground, keeping you stationary.
You cannot be teleported.
You are immune to unholy pain and torment.
Your maximum health is greatly increased.
You cannot wear most types of armour.
((You are amphibious.))
You can wear up to eight rings at the same time.
((Your skin changes colour to match your surroundings (Stealth+).))
((Your rubbery body absorbs attacks. (AC +1, EV +1)))
((You are camouflaged when in or above water. (Stealth+)))
((You have tentacles for arms and can constrict up to eight enemies at once.))


Message History

You take 5 damage, and have 17/126 hp.
You barely miss the naga.
The naga is almost dead.
You feel sick. The naga spits poison at you.
The splash of poison hits you but does no damage.
You resist. The naga constricts you. The naga hits you with a +0 war axe!
* * * LOW HITPOINT WARNING * * *
You take 14 damage, and have 3/126 hp.
It was a potion of ambrosia.
You are confused.
You feel invigorated.
You feel sick. The naga hits you but does no damage. The naga constricts you.
* * * LOW HITPOINT WARNING * * *
The naga hits you but does no damage.
It was a potion of curing.
You feel better.
q - 2 potions of curing;
t - 3 scrolls labelled DOAL TAJU DUAM You feel less invigorated.
The naga spits poison at you.
The splash of poison hits you but does no damage.
You resist. The naga spits poison at you.
The splash of poison hits you but does no damage.
You resist. The naga constricts you.
* * * LOW HITPOINT WARNING * * *
You regained 6 hp, and now have 9/126 hp.
You pummel the naga!!
You kill the naga!
The naga hits you but does no damage. The naga grabs you.
The naga constricts you.
* * * LOW HITPOINT WARNING * * *
You take 3 damage, and have 6/126 hp.
You feel better. The naga hits you with a +0 war axe.
* * * LOW HITPOINT WARNING * * *
The naga constricts you.
You regained 6 hp, and now have 12/126 hp.
You smack the naga!
The naga is heavily wounded.
The naga hits you with a +0 war axe!
You die...

#...........##
##..........#.#
#..............
###.............
#.#..>.......#
...#.##...####
### ...#####.##
##.## ## ...##
#..## ##...#...##
....#
#...###..♣N..⌠...
...##
##...#...#)....>.
...#
#......###..⌠...
...### ###...##
#...## ...#.#
##.## #### ....##
### .....# .....#
.....#


You could see a naga (catching breath).

Vanquished Creatures
  Snorg (D:10)
  A death yak (Lair:1)
  Urug (Lair:2)
  Lodul (D:10)
  Pikel (D:5)
  5 elephants (Lair:1)
  Joseph (D:7)
  A torpor snail (Lair:1)
  2 gargoyles
  5 cane toads (Lair:1)
  2 komodo dragons
  A troll (D:9)
  Prince Ribbit (D:7)
  5 blink frogs
  Sigmund (D:3)
  A wraith (D:8)
  3 basilisks
  7 yaks
  3 wyverns
  Eustachio (D:6)
  A steam dragon (D:6)
  2 nagas (Lair:2)
  4 water moccasins
  Duvessa (D:7)
  An orc warrior (D:10)
  2 ice beasts
  2 sky beasts
  7 ogres
  A black bear (D:7)
  10 wolves
  3 centaurs
  2 bullfrogs
  A kobold brigand (D:9)
  5 scorpions
  A gnoll sergeant (D:9)
  13 wights
  Dowan (D:7)
  8 killer bees
  A howler monkey (D:7)
  An electric eel (Lair:2)
  2 jellies (D:8)
  11 orc priests
  A hound (D:5)
  2 gnoll boudas
  4 iguanas
  Ijyb (D:4)
  Terence (D:2)
  7 orc wizards
  7 adders
  25 gnolls
  2 dart slugs
  30 orcs
  2 endoplasms
  5 giant cockroaches
  8 goblins
  6 hobgoblins
  3 jackals (D:2)
  3 quokkas
  5 ball pythons
  5 bats
  2 frilled lizards
  11 kobolds
  3 rats
257 creatures vanquished.

Notes
Turn   | Place    | Note
-------+----------+-------------------------------------------
     0 | D:1      | Dirtsage the Octopode Shapeshifter began the quest for the
                  | Orb.
     0 | D:1      | Reached XP level 1. HP: 13/13 MP: 1/1
   181 | D:1      | Reached XP level 2. HP: 18/18 MP: 2/2
   544 | D:2      | Reached XP level 3. HP: 21/23 MP: 3/3
  1243 | D:2      | Noticed Terence
  1252 | D:2      | Killed Terence
  1253 | D:2      | Reached XP level 4. HP: 14/29 MP: 4/4
  1519 | D:2      | Found a runed translucent door.
  1520 | D:2      | Noticed Crazy Yiuf
  1558 | D:3      | Noticed Sigmund
  1566 | D:3      | Killed Sigmund
  1567 | D:3      | Reached skill level 4 in Shapeshifting
  1567 | D:3      | Reached XP level 5. HP: 23/35 MP: 5/5
  1567 | D:3      | Reached XP level 6. HP: 27/41 MP: 6/6
  2767 | D:4      | Found an ancient bone altar of Kikubaaqudgha.
  2801 | D:4      | Noticed a sky beast
  2818 | D:4      | Killed a sky beast
  2819 | D:4      | Reached skill level 5 in Shapeshifting
  2819 | D:4      | Reached XP level 7. HP: 44/46 MP: 7/7
  3139 | D:5      | Entered Level 5 of the Dungeon
  3496 | D:5      | Noticed Ijyb
  3502 | D:4      | Paralysed by Ijyb for 2 turns
  3505 | D:4      | Killed Ijyb
  3626 | D:5      | Noticed Pikel
  3644 | D:5      | Killed Pikel
  3645 | D:5      | Reached skill level 5 in Unarmed Combat
  3645 | D:5      | Reached skill level 6 in Shapeshifting
  3645 | D:5      | Reached XP level 8. HP: 42/54 MP: 8/8
  4439 | D:5      | Found a stormy altar of Qazlal.
  4441 | D:5      | Found a white marble altar of Elyvilon.
  4593 | D:6      | Reached skill level 5 in Dodging
  4603 | D:6      | Found an iron altar of Okawaru.
  4849 | D:6      | Reached skill level 7 in Shapeshifting
  5008 | D:6      | Reached XP level 9. HP: 57/60 MP: 9/9
  5010 | D:6      | Reached skill level 5 in Fighting
  5449 | D:6      | Found a basalt altar of Yredelemnul.
  5455 | D:6      | Identified the +1 cloak of Patterns {+Blink Regen+ rCorr
                  | Dex-3}
  5614 | D:6      | Noticed Eustachio
  5627 | D:6      | Killed Eustachio
  5679 | D:7      | Noticed a gargoyle
  5684 | D:7      | Killed a gargoyle
  5688 | D:7      | Reached skill level 8 in Shapeshifting
  5961 | D:7      | Noticed Duvessa
  5969 | D:7      | Killed Duvessa
  5976 | D:7      | Noticed Dowan
  5982 | D:7      | Killed Dowan
  5987 | D:7      | Found a shimmering altar of Xom.
  6008 | D:7      | Found Cyatryh's Distillery.
  6009 | D:7      | Noticed Prince Ribbit
  6010 | D:7      | Noticed Joseph
  6038 | D:7      | Killed Joseph
  6039 | D:7      | Reached XP level 10. HP: 43/68 MP: 10/10
  6072 | D:7      | Killed Prince Ribbit
  6141 | D:7      | Bought 2 potions of lignification for 66 gold pieces
  6182 | D:7      | Found Oxowuul's Assorted Antiques.
  6268 | D:7      | Found a staircase to the Ecumenical Temple.
  6298 | Temple   | Entered the Ecumenical Temple
  6305 | Temple   | Became a worshipper of the Shining One
  6529 | D:8      | Reached skill level 9 in Shapeshifting
  7028 | D:8      | Reached skill level 1 in Invocations
  7109 | D:8      | Found a staircase to the Lair.
  7182 | D:8      | Reached * piety under the Shining One
  7813 | D:9      | Found a runed translucent gate.
  7815 | D:9      | Found a runed translucent gate.
  7815 | D:9      | Noticed Arcadio's ghost (journeyman MfSh)
  7815 | D:9      | Noticed a nine-headed hydra
  7816 | D:9      | Found a runed translucent gate.
  7996 | D:9      | Reached XP level 11. HP: 75/75 MP: 13/13
  8040 | D:9      | Reached skill level 10 in Shapeshifting
  8241 | D:10     | Entered Level 10 of the Dungeon
  8421 | D:10     | Identified the +1 robe "Zisous" {rElec Will+++ Str+4
                  | Slay-6}
  8447 | D:10     | Found a staircase to the Orcish Mines.
  8454 | D:10     | Noticed Snorg
  8455 | D:10     | Found a hazy altar of Hepliaklqana.
  8455 | D:10     | Identified the +1 long sword "Zaid" {drain, Str+3}
  8527 | D:10     | Noticed Lodul
  8537 | D:10     | Killed Lodul
  8651 | D:10     | Reached ** piety under the Shining One
  8921 | D:10     | Killed Snorg
  9187 | Lair:1   | Entered Level 1 of the Lair of Beasts
  9214 | Lair:1   | Noticed a death yak
  9577 | Lair:1   | Killed a death yak
  9656 | Lair:1   | Reached skill level 5 in Invocations
  9656 | Lair:1   | Reached skill level 11 in Shapeshifting
 10102 | Lair:1   | Reached XP level 12. HP: 80/83 MP: 15/15
 10734 | Lair:2   | Noticed Urug
 10744 | Lair:2   | Killed Urug
 11078 | Lair:2   | Found a staircase to the Snake Pit.
 11092 | Lair:2   | HP: 3/126 [naga/+0 war axe (13)]
 11097 | Lair:2   | Slain by a naga

Illustrated notes

Levels and vault maps discovered:
D:1:      evilmike_arrival_plus, layout_rooms
D:2:      layout_loops_ring, grunt_ministairs_11,
          nicolae_elevator_lobby_asterisk, uniq_crazy_yiuf_cottage, uniq_terence
D:3:      layout_basic, uniq_sigmund
D:4:      layout_basic, lemuel_tele_altar, serial_corexii_hall,
          corexii_hall_statues_l, corexii_hall_statues_t,
          corexii_hall_statues_u, corexii_hall_statues_t,
          chequers_hall_statues_wall_a, corexii_hall_statues_x
D:5:      layout_basic, gammafunk_temple_overflow_wave,
          hangedman_decor_peaks_small, uniq_ijyb, uniq_pikel
D:6:      layout_loops_ring, lemuel_crystal_altar, okawaru_metal_pillars_3,
          uniq_eustachio
D:7:      layout_rooms, kennysheep_mini_moat, minmay_temple_entry_glassed_door,
          serial_shops, shop, shop, uniq_duvessa, uniq_joseph,
          uniq_prince_ribbit1
D:8:      layout_basic, minmay_lair_entry_grove, david_defended_altar_orc
D:9:      layout_roguey, gammafunk_ghost_hydra_chop
D:10:     layout_basic, mainiacjoe_overflow_concentric_impassable, orc_0_dummy,
          uniq_lodul, uniq_snorg
Temple:   minmay_freezing_vapour_temple
Lair:1:   layout_cave_pods
Lair:2:   layout_gridlike, minmay_swamp_entry_worms, nicolae_snake_entry_squirm,
          serial_bayou_shore_b, uniq_harold, uniq_erica, uniq_urug

Skill      XL: |  1  2  3  4  5  6  7  8  9 10 11 12 |
---------------+-------------------------------------+-----
Fighting       | 2 3 4 6 7 8 |  8.8
Dodging        | 3 4 5 6 7 8 9 |  9.0
Shapeshifting  | 4 5 6 7 8 9 11 | 11.7
Unarmed Combat | 4 5 6 7 8 9 |  9.1
Invocations    | 3 5 6 |  6.0

Action                     |  1- 3 |  4- 6 |  7- 9 | 10-12 || total
---------------------------+-------+-------+-------+-------++-------
  Melee: Unarmed           |    62 |    74 |   208 |   482 ||   826
         Constrict         |    18 |    20 |    56 |    81 ||   175
         Tentacles         |     9 |    16 |    58 |   163 ||   246
         Punch             |     2 |     1 |     9 |     1 ||    13
 Invoke: Divine Shield     |       |       |       |     2 ||     2
  Evoke: Wand              |       |       |     8 |     4 ||    12
    Use: Potion            |       |     1 |       |     5 ||     6
         Scroll            |       |       |       |     4 ||     4
   Stab: Sleeping          |     5 |     4 |     5 |       ||    14
 Armour: Skin              |    19 |    26 |    62 |   120 ||   227
  Dodge: Dodged            |    34 |    30 |   135 |   403 ||   602
  Block: Other             |       |       |       |     2 ||     2
   Form: Flux              |       |       |     1 |       ||     1

Table legend: (Time is in decaauts)
 A = Elapsed time spent in this place.
 B = Non-inter-level travel time spent in this place.
 C = Inter-level travel time spent in this place.
 D = Time resting spent in this place.
 E = Time spent auto-exploring this place.
 F = Levels seen in this place.
 G = Mean time per level.
                   A        B        C        D        E       F      G
               +--------+--------+--------+--------+--------+-----+--------+
         Total |  11001 |  10380 |    621 |    336 |   8041 |  13 |  846.2 |
       Dungeon |   9097 |   8556 |    541 |    203 |   6698 |  10 |  909.7 |
        Temple |     12 |      8 |      4 |      0 |      0 |   1 |   12.0 |
          Lair |   1891 |   1815 |     76 |    133 |   1343 |   2 |  945.5 |
               +--------+--------+--------+--------+--------+-----+--------+

Top non-repeatable levels by time:
  Lair:1: 1397 daAuts
     D:5: 1170 daAuts
     D:8: 1124 daAuts
     D:4: 1111 daAuts
     D:6: 1053 daAuts
     D:2: 1046 daAuts
    D:10: 883 daAuts
     D:7: 849 daAuts
     D:3: 816 daAuts
     D:9: 534 daAuts
     D:1: 506 daAuts
  Lair:2: 494 daAuts
  Temple: 12 daAuts
